[Event "Late-Titled-Tuesday-Blitz-June-25-2024"]
[Site "Chess.com"]
[Date "2024.06.25"]
[Round "10"]
[White "PapaieDudu"]
[Black "JuliaEfremova"]
[Result "0-1"]
[WhiteElo "2442"]
[BlackElo "2334"]
[TimeControl "180+1"]
[EndTime "15:57:00 PDT"]
[Termination "JuliaEfremova won by checkmate"]

1. Nf3 Nf6 2. d4 g6 3. c4 Bg7 4.
Nc3 O-O 5. g3 d5 6. Bg2 dxc4 7.
O-O c6 8. Ne5 Be6 9. e3 Nbd7 10.
Nf3 Qa5 11. Bd2 Qh5 12. Re1 Bg4 13. e4 e5 14. d5 Nc5 15. h3 Bxh3 16. Bxh3 Qxh3 17.
Nxe5 Rae8 18. Nxc4 Ng4 19. Qf3 Nd3 20. Re2 Nde5 21. Nxe5 Nxe5 22. Qg2 Qh5 23. Kf1 f5 24. Bf4 Nd3 25. Rd1 Nxf4 26. gxf4 Bxc3 27. bxc3 Rxe4 28.
f3 Rxf4 29. Re3 Rh4 30. Kg1 cxd5 31. Rxd5 Rf4 32. Rd7 Rf7 33. Rd8+ Kg7 34. Ree8 Rxf3 35. Rg8+ Kh6 36. Rge8 Rf4 37. Re3 Rg4 38. Rg3 Re7 39.
Rxg4 Re1+ 40. Kf2 fxg4 41. Kxe1 Qh4+ 42. Qf2 Qxd8 43. Qe3+ Kg7 44. Qe5+ Qf6 45. Qc7+ Qf7 46. Qe5+ Kg8 47. Qb8+ Kg7 48. Qxa7 Kf8 49. Qb8+ Kg7 50. Qe5+ Qf6 51. Qc7+ Qf7 52. Qe5+ Kg8 53. a4 h5 54. Qb8+ Kg7 55. Qe5+ Kh6 56. Qh8+ Kg5 57. Qe5+ Qf5 58. Qe7+ Kf4 59. a5 g3 60. Qd6+ Qe5+ 61. Qxe5+ Kxe5 62. Kf1 h4 63. Kg2 Kd5 64. Kh3 Kc4 65. a6 bxa6 66.
Kxh4 Kxc3 67. Kxg3 a5 68. Kf4 a4 69. Kg5 a3 70. Kh6 a2 71. Kg7 a1=Q 72. Kf6 g5 73. Kxg5 Qf1 74. Kh4 Qg1 75. Kh3 Kd4 76. Kh4 Ke5 77. Kh5 Kf5 78. Kh4 Qg4# 0-1

[Event "Late-Titled-Tuesday-Blitz-June-25-2024"]
[Site "Chess.com"]
[Date "2024.06.25"]
[Round "10"]
[White "AryanTari"]
[Black "artin10862"]
[Result "0-1"]
[WhiteElo "3020"]
[BlackElo "2939"]
[TimeControl "180+1"]
[EndTime "15:57:03 PDT"]
[Termination "artin10862 won on time"]

1. e4 c5 2. Nf3 Nc6 3. Bc4 Nf6 4. e5 d5 5. Bb5 Nd7 6. Bxc6 bxc6 7. d3 e6 8. O-O Be7 9. c4 O-O 10. Nc3 d4 11.
Ne4 f5 12. exf6 gxf6 13. Re1 e5 14. Ng3 Kh8 15. Nh4 Bd6 16. Nhf5 Nb6 17. Qh5 Rg8 18. Nh6 Be6 19. Nxg8 Qxg8 20. Nf5 Bf8 21. Qf3 Rc8 22. g4 Rc7 23. h3 Nc8 24. Ng3 Qg6 25. Rxe5 fxe5 26.
Qxf8+ Bg8 27. Qxc5 Re7 28. Ne4 h5 29. Bg5 Re8 30. Bf6+ Kh7 31. Bxe5 Re6 32. Qf8 Rxe5 33. Nf6+ Kh8 34. Nxh5 Rxh5 35. Qxc8 Rxh3 36. Re1 Rxd3 37. Re5 Rf3 38. Rh5+ Kg7 39. Qd7+ Bf7 40. Qxd4+ Qf6 41.
Rg5+ Kh6 42. Qxf6+ Rxf6 43. Ra5 Rg6 44. f3 Bxc4 45. Rxa7 Kg5 46. Kf2 Rd6 47. Kg3 Rd3 48. Re7 Bd5 49. Re5+ Kf6 50. Rf5+ Kg6 51. a3 Rb3 52.
Re5 Rxf3+ 53. Kh4 Rf2 54. Rg5+ Kf6 55. Rh5 Rxb2 56. Kg3 Kg6 57. Kh4 Rb3 58. Rg5+ Kf6 59. Rf5+ Ke6 60. a4 Kd6 61. Rf6+ Ke5 62. g5 Ra3 63.
Rf2 Rxa4+ 64. Kh5 Be4 65. g6 Ra1 66. g7 Rg1 67. Kh6 Rg6+ 68. Kh7 Rg2+ 0-1

[Event "Late-Titled-Tuesday-Blitz-June-25-2024"]
[Site "Chess.com"]
[Date "2024.06.25"]
[Round "10"]
[White "Gangster-accountant01"]
[Black "Boundless_Strike"]
[Result "1/2-1/2"]
[WhiteElo "2604"]
[BlackElo "2720"]
[TimeControl "180+1"]
[EndTime "15:57:04 PDT"]
[Termination "Game drawn by stalemate"]

1. d4 e5 2. dxe5 d6 3. exd6 Bxd6 4. Nc3 Qe7 5. Nf3 Bg4 6. e3 Nc6 7. Be2 O-O-O 8. Bd2 Nf6 9. h3 h5 10. hxg4 hxg4 11. Rxh8 Rxh8 12. Ng1 Rh1 13. Bf1 Rxg1 14. Qe2 g3 15. O-O-O gxf2 16. Qxf2 Rh1 17. Bd3 Rxd1+ 18. Nxd1 Kb8 19. Qh4 Qe8 20. a3 Ne5 21. Be2 a6 22. Nc3 Ng6 23. Qf2 Be5 24. Bd3 Ne7 25. Kb1 Ned5 26. Nxd5 Nxd5 27. e4 Nf6 28. Qc5 Bd6 29. Qd4 Qe5 30. Qc4 Qe6 31. Qd4 g6 32. Bc3 Nd7 33.
Bc4 Qe8 34. Qg7 Be5 35. Qxf7 Qxf7 36. Bxf7 Bxc3 37. bxc3 Ne5 38. Be6 c5 39. Kc1 Kc7 40. Kd2 Kd6 41. Bd5 b6 42. Ke3 Ke7 43. Kf4 Kf6 44.
a4 a5 45. c4 Nd7 46. c3 Ne5 47. g3 Nd3+ 48. Ke3 Ne5 49. Bg8 Kg5 50. Be6 Kf6 51.
Bd5 Nd7 52. Kf4 g5+ 53. Kg4 Ne5+ 54. Kh5 Nd3 55. Kh6 Ne5 56. Kh5 Nf3 57. Bc6 Ne5 58. Bb5 Nd3 59. Kh6 Ne5 60. Kh7 Nf3 61. Kg8 Nd2 62. Kf8 Nxe4 63. g4 Nxc3 64. Ke8 Ke5 65. Kd7 Ne4 66. Kc6 Nf6 67. Kxb6 Kd6 68.
Kxa5 Nxg4 69. Kb6 Nf6 70. a5 Ne8 71. Bxe8 g4 72. Bc6 g3 73. Bg2 Ke5 74. a6 Kd4 75.
a7 Ke3 76. a8=Q Kf2 77. Qf3+ Kg1 78. Qxg3 1/2-1/2

[Event "Late-Titled-Tuesday-Blitz-June-25-2024"]
[Site "Chess.com"]
[Date "2024.06.25"]
[Round "10"]
[White "LiemLe"]
[Black "SpeedofLight0"]
[Result "0-1"]
[WhiteElo "3015"]
[BlackElo "3149"]
[TimeControl "180+1"]
[EndTime "15:57:17 PDT"]
[Termination "SpeedofLight0 won on time"]

1. Nf3 d6 2. d4 g6 3. e4 Bg7 4.
Nc3 a6 5. a4 Nc6 6. h3 Nf6 7. Be3 O-O 8. Be2 e5 9. dxe5 Nxe5 10.
Nxe5 dxe5 11. Qxd8 Rxd8 12. Bc4 Re8 13. Ke2 Be6 14.
Bxe6 Rxe6 15. Rhd1 Bf8 16. f3 Bb4 17. Na2 Bd6 18.
a5 Nh5 19. c4 Nf4+ 20. Kf2 Ree8 21. c5 Bf8 22. Rd7 Ne6 23. b4 Rad8 24. Rad1 Rxd7 25. Rxd7 Rd8 26. Rxd8 Nxd8 27. Ke2 f6 28. Nc3 Kf7 29.
Kd3 Ke6 30. Kc4 c6 31. Ne2 Nf7 32. Kd3 f5 33. Bd2 Be7 34. Nc3 Bh4 35. Nd1 Bd8 36. Nb2 h5 37. Nc4 Bc7 38. Be1 Kf6 39. Bc3 Kg5 40.
Ke3 h4 41. Kd3 Kf4 42. Be1 Kg5 43. Bd2+ Kf6 44. Be3 Ke6 45. Bf2 Bd8 46. Be1 Bf6 47. Ne3 Bg5 48. Nc4 Bf6 49. Bc3 Be7 50. Bd2 Bf6 51. Bc1 Bd8 52. Be3 Bc7 53. Bf2 Bd8 54. Nb2 Kf6 55. Ke2 Ke6 56. Kd3 Bf6 57. Nd1 Be7 58.
Nc3 Nd8 59. Ne2 Kf7 60. Be1 Ne6 61. Bc3 Bf6 62. Kc4 Ke7 63. Nc1 Nf4 64. Nd3 Nxg2 65. Bxe5 Bxe5 66. Nxe5 Nf4 67. Kd4 Ke6 68. Nc4 Nxh3 69.
Nd6 Ng5 70. exf5+ gxf5 71. Ke3 h3 72. Kf2 h2 73. Kg2 Nxf3 74. Nxb7 Kd5 75. Nd6 f4 76. Nc8 Kc4 77. Na7 Nd4 78. Kxh2 Kxb4 79. Kg2 Kxc5 80. Kf2 Kd6 81. Nc8+ Kc7 82. Nb6 c5 83. Nc4 Kc6 84.
Ne5+ Kd5 85. Nd3 f3 86. Nf4+ Ke4 87. Ng6 c4 0-1

[Event "Late-Titled-Tuesday-Blitz-June-25-2024"]
[Site "Chess.com"]
[Date "2024.06.25"]
[Round "10"]
[White "karinachess1"]
[Black "TokChess"]
[Result "0-1"]
[WhiteElo "2677"]
[BlackElo "2553"]
[TimeControl "180+1"]
[EndTime "15:57:39 PDT"]
[Termination "TokChess won on time"]

1. d4 d5 2. c4 c6 3. Nf3 Nf6 4. g3 Bf5 5. Nc3 e6 6. Qb3 Qc8 7. Bf4 Nbd7 8. Rc1 Be7 9. cxd5 Nxd5 10.
Bd2 Nxc3 11. bxc3 O-O 12. Bg2 Be4 13. O-O c5 14. Bf4 Qc6 15. Bh3 Rac8 16. Nd2 cxd4 17. Nxe4 Qxe4 18. cxd4 Nb6 19. e3 Qd5 20. Bg2 Qxb3 21.
axb3 Nd5 22. e4 Nxf4 23. gxf4 Rfd8 24. d5 exd5 25. exd5 Bd6 26. f5 Kf8 27. Be4 Ke7 28.
Kg2 Kf6 29. h3 Ke5 30. Kf3 Ba3 31. Rc4 Rxc4 32. bxc4 Rc8 33. Bd3 Kd4 34. Rd1 Kc3 35. Be2 Bd6 36. Rb1 Rc7 37. Ra1 a6 38. Ra4 Kd4 39.
Ra1 Kc5 40. Rb1 Re7 41. Rb3 Kd4 42. Rb1 Kc5 43. Rb3 b6 44. Rb1 Rc7 45. Ra1 a5 46.
Ra2 Rb7 47. Rc2 Kd4 48. Rd2+ Ke5 49. Ra2 Bc5 50. Bd3 Re7 51. Re2+ Kd6 52. Rxe7 Kxe7 53.
Ke2 a4 54. f3 Kf6 55. Bb1 a3 56. Kd2 Ke5 57. Kc2 Kf4 58. Kb3 Kxf3 59. f6 g6 60. Ka4 Kf4 61. Kb5 Ke5 62. Kc6 Kxf6 63. d6 Ke6 64. d7 Be7 65. Kc7 h5 66. d8=Q Bxd8+ 67. Kxd8 g5 68. Kc7 g4 69. hxg4 hxg4 70. Ba2 Ke5 71. Kxb6 g3 72. c5 g2 73. c6 g1=Q+ 74. Kb7 Qg2 75. Bc4 a2 76. Bxa2 Qxa2 77. c7 Qb3+ 78.
Kc8 Qc4 79. Kd8 Qxc7+ 80. Kxc7 f5 0-1

[Event "Late-Titled-Tuesday-Blitz-June-25-2024"]
[Site "Chess.com"]
[Date "2024.06.25"]
[Round "10"]
[White "PoAslan"]
[Black "Sondremelaa"]
[Result "1/2-1/2"]
[WhiteElo "2460"]
[BlackElo "2581"]
[TimeControl "180+1"]
[EndTime "15:57:45 PDT"]
[Termination "Game drawn by stalemate"]

1. e4 e5 2. Nf3 Nc6 3. Nc3 Nf6 4. h3 d5 5. exd5 Nxd5 6. Bb5 Nxc3 7. bxc3 Bd6 8. O-O O-O 9. d4 exd4 10. cxd4 h6 11. c4 a6 12. Ba4 Qf6 13. Bc2 Bf5 14. Bb2 Rad8 15. Bxf5 Qxf5 16. d5 Ne5 17. Nxe5 Bxe5 18. Bxe5 Qxe5 19. Qb3 b6 20. Rfe1 Qd6 21. a4 a5 22. Qb5 Qd7 23. Qxd7 Rxd7 24. Re3 Rc8 25. Rb1 Kf8 26. f4 c6 27. Rxb6 cxd5 28. cxd5 Rxd5 29.
Rb7 g6 30. Rb5 Rxb5 31. axb5 Rc1+ 32. Kf2 Rb1 33. Re5 a4 34. Re4 a3 35. Ra4 Rb2+ 36.
Kf3 a2 37. b6 Rb3+ 38. Kg4 Kg7 39. b7 h5+ 40. Kh4 Kh6 41. g4 hxg4 42. hxg4 Rxb7 43. Rxa2 Rb4 44. Rf2 f6 45. Kg3 Rb3+ 46. Rf3 Rb2 47.
Re3 Rb6 48. Re7 Ra6 49. Kh3 Ra3+ 50. Kh2 f5 51. gxf5 gxf5 52. Re5 Kg6 53. Kg2 Rb3 54. Kf2 Rb4 55. Kg3 Rb6 56. Kh4 Rc6 57. Rb5 Kf6 58.
Kh5 Rd6 59. Ra5 Re6 60. Rc5 Rd6 61. Rc8 Rd1 62. Rf8+ Ke6 63. Re8+ Kf7 64. Ra8 Kf6 65. Ra6+ Kf7 66. Kg5 Rd5 67. Rf6+ Kg7 68. Ra6 Kf7 69. Ra7+ Ke6 70. Rg7 Ra5 71. Rh7 Rb5 72. Rh6+ Ke7 73.
Rf6 Ra5 74. Kg6 Rb5 75. Rc6 Ra5 76. Rb6 Rc5 77. Rb7+ Ke6 78. Rb8 Ke7 79. Rb3 Ra5 80. Re3+ Kf8 81. Re6 Rb5 82. Kf6 Ra5 83. Rb6 Ra8 84.
Rb7 Ra6+ 85. Kxf5 Rc6 86. Kg5 Ra6 87. Rc7 Rb6 88. Kf5 Ra6 89. Rd7 Rb6 90. Ke5 Ra6 91.
f5 Rb6 92. Rd6 Rxd6 93. Kxd6 Kf7 94. Ke5 Ke7 95. f6+ Kf7 96. Kf5 Kf8 97. Kf4 Kf7 98. Kg5 Kf8 99. Kh6 Kf7 100. Kg5 Kf8 101. Kg6 Kg8 102. Kf5 Kf7 103. Ke5 Kf8 104. Ke6 Ke8 105. f7+ Kf8 106. Kf6 1/2-1/2

[Event "Late-Titled-Tuesday-Blitz-June-25-2024"]
[Site "Chess.com"]
[Date "2024.06.25"]
[Round "10"]
[White "BardArtem"]
[Black "rhungaski"]
[Result "0-1"]
[WhiteElo "2809"]
[BlackElo "2662"]
[TimeControl "180+1"]
[EndTime "15:57:46 PDT"]
[Termination "rhungaski won by resignation"]

1. e4 e6 2. d4 d5 3. Nc3 Bb4 4. Ne2 dxe4 5. a3 Be7 6. Nxe4 Nf6 7. Nxf6+ Bxf6 8. Be3 Nc6 9. Ng3 Bxd4 10. Bxd4 Qxd4 11. Bd3 Qe5+ 12. Ne2 Qxb2 13. O-O Qf6 14. Ng3 O-O 15.
Rb1 e5 16. Re1 Ne7 17. Rb4 Ng6 18. Qh5 b6 19. Ne4 Qe7 20. Ng5 h6 21. Nf3 Qf6 22. Nxe5 Nf4 23. Qf3 Nxd3 24. Qxf6 gxf6 25. Nxd3 Bf5 26.
g4 Bxd3 27. cxd3 Rfe8 28. Rc1 c5 29. Rf4 Kg7 30. d4 Rac8 31. dxc5 Rxc5 32. Rd1 Ra5 33. a4 Rae5 34. Rd6 R8e6 35. Rdd4 Kg6 36. h4 f5 37. Kg2 fxg4 38. Rxg4+ Kf6 39. Rgf4+ Ke7 40. Rc4 Rc5 41. Rcd4 f5 42. Rf3 Rg6+ 43. Kf1 Rg4 44. Rff4 h5 45.
f3 Rxf4 46. Rxf4 Ke6 47. Ke2 Ke5 48. Rb4 Kd5 49. Kd3 Kc6 50. Rb1 a6 51. Rg1 Rd5+ 52.
Kc4 b5+ 53. axb5+ axb5+ 54. Kc3 Kc5 55. Rg8 b4+ 56. Kc2 Kd4 57. Rg5 f4 58. Rg1 Ke3 59. Rg5 Rd4 60. Rxh5 Kxf3 61. Rh8 Ke2 62. h5 f3 63.
Re8+ Kf2 64. h6 Rh4 65. Re6 Kg3 66. Rg6+ Kf4 67. Kd3 b3 68. Rf6+ Kg4 69. Ke3 b2 70. Rb6 Rxh6 71. Rxb2 Kg3 72. Rb8 Re6+ 73. Kd2 Kf2 74.
Rh8 Re2+ 75. Kd1 Re5 76. Rh2+ Kg3 77. Rh8 f2 78. Rg8+ Kf3 79. Rf8+ Ke3 80. Rf7 Rd5+ 81. Kc2 Rd4 82. Re7+ Re4 83. Rf7 Rf4 84. Re7+ Kf3 85. Rb7 f1=Q 86. Rb3+ Kf2 87. Kb2 Qe2+ 88. Ka1 Qd1+ 89.
Ka2 Qxb3+ 90. Ka1 Qa3+ 0-1

[Event "Late-Titled-Tuesday-Blitz-June-25-2024"]
[Site "Chess.com"]
[Date "2024.06.25"]
[Round "10"]
[White "HajiyevKanan"]
[Black "josiur"]
[Result "1/2-1/2"]
[WhiteElo "2589"]
[BlackElo "2477"]
[TimeControl "180+1"]
[EndTime "15:59:06 PDT"]
[Termination "Game drawn by 50-move rule"]

1. d4 d5 2. c4 e6 3. cxd5 exd5 4. Nc3 Nf6 5. Qc2 c6 6. Nf3 Bd6 7. Bg5 h6 8. Bxf6 Qxf6 9. Nxd5 Qd8 10. Nc3 O-O 11. e3 Nd7 12. Bc4 Nf6 13. O-O Bg4 14. Nd2 Bc7 15. Nde4 Bf5 16. Nxf6+ Qxf6 17. Bd3 Qd6 18.
g3 Bh3 19. Rfd1 Qf6 20. Nd5 cxd5 21. Qxc7 Qf3 22. Bf1 Bg4 23. Rdc1 b6 24. Qf4 Qxf4 25. gxf4 Bf3 26. Ba6 Rfe8 27. h3 Re6 28. Kh2 Rae8 29. Kg3 Be4 30. f3 Rg6+ 31. Kf2 Bf5 32. h4 Rge6 33. Rc3 Rd6 34. Rac1 Bd7 35. b4 g6 36. Bc8 Bb5 37. Bb7 Bc4 38. a4 a5 39. b5 Re7 40.
Bc6 Kg7 41. e4 Rd8 42. Ke3 Rd6 43. e5 Rd8 44. h5 gxh5 45. f5 f6 46. Rg1+ Kh7 47. f4 Rg7 48. Rcc1 Rdg8 49. Rxg7+ Rxg7 50. Kf3 h4 51. Rh1 Rg3+ 52. Kf2 Rd3 53. exf6 Rxd4 54.
f7 Kg7 55. Ke3 Re4+ 56. Kf3 Kxf7 57. Rxh4 Kg7 58. Rg4+ Kf6 59. Rg6+ Kxf5 60. Rxh6 Rxf4+ 61. Ke3 Re4+ 62. Kd2 Ke5 63. Bd7 Re2+ 64. Kc3 Re3+ 65. Kd2 Ra3 66. Re6+ Kd4 67. Rxb6 Ra2+ 68. Kc1 Rxa4 69. Kb2 Rb4+ 70. Ka3 Rb3+ 71. Ka4 Kc5 72. Rc6+ Kd4 73. Kxa5 Rxb5+ 74. Ka4 Rb3 75. Rf6 Re3 76.
Bf5 Kc5 77. Rf8 Re2 78. Rc8+ Kd6 79. Kb4 Rb2+ 80. Kc3 Ke5 81. Kxb2 Kxf5 82. Kc3 Ba2 83. Kd4 Ke6 84. Rc5 Kd6 85. Ra5 Bc4 86. Ra4 Kc6 87.
Ra1 Kb5 88. Re1 Kc6 89. Re7 Kd6 90. Rg7 Ke6 91. Rg5 Kf6 92. Re5 Kf7 93. Re3 Kf6 94.
Re1 Kf5 95. Re8 Kf6 96. Kc5 Kf5 97. Kd6 Kf4 98. Rc8 Ke4 99. Kc5 Kd3 100. Re8 Kc3 101. Rd8 Kd3 102. Rd6 Ke4 103. Kb4 Kd3 104. Kc5 Kc3 105. Rd8 Kd3 106. Rd7 Kc3 107. Rh7 Kd3 108. Rh3+ Ke4 109. Rh4+ Kd3 110. Rd4+ Kc3 111. Rf4 Kb3 112. Kd4 Kb4 113. Rf2 Kb3 114. Rf8 Kb4 115. Rb8+ Ka5 116. Kc5 Ka6 117. Rb2 Ka5 118. Rb1 Ka4 119. Rb8 Ka3 120. Rb4 Ka2 121.
Kd4 Ka3 122. Kc3 Ka2 123. Ra4+ Kb1 124. Ra3 Ba2 125. Ra5 Bc4 126. Ra4 Ba2 127. Rb4+ Ka1 128. Rd4 Bc4 129. Rd2 Kb1 130. Rc2 Ka1 131. Rb2 Ba2 1/2-1/2

[Event "Late-Titled-Tuesday-Blitz-June-25-2024"]
[Site "Chess.com"]
[Date "2024.06.25"]
[Round "11"]
[White "GothamChess"]
[Black "rdarruda"]
[Result "1-0"]
[WhiteElo "2766"]
[BlackElo "2581"]
[TimeControl "180+1"]
[EndTime "16:00:17 PDT"]
[Termination "GothamChess won by resignation"]

1. e4 c5 2. a3 e6 3. b4 cxb4 4. axb4 Bxb4 5. c3 Be7 6. d4 d5 7. Nd2 dxe4 8. Nxe4 Nf6 9. Nxf6+ Bxf6 10. Nf3 O-O 11. Bd3 b6 12. Be4 1-0

[Event "Late-Titled-Tuesday-Blitz-June-25-2024"]
[Site "Chess.com"]
[Date "2024.06.25"]
[Round "11"]
[White "canary2016"]
[Black "giomar27"]
[Result "0-1"]
[WhiteElo "2211"]
[BlackElo "2423"]
[TimeControl "180+1"]
[EndTime "16:00:58 PDT"]
[Termination "giomar27 won by resignation"]

1. d4 f6 2. c4 g6 3. Nc3 Nh6 4. Nf3 Nf7 5. g3 Bg7 6. Bg2 O-O 7. O-O d6 8. e4 e5 9. d5 Nd7 10. Be3 f5 11. exf5 gxf5 12. Qd2 Nf6 13. Bg5 h6 14. Bxf6 Qxf6 15. Ne1 f4 16. Nc2 Ng5 17.
Rae1 f3 18. Ne4 Nxe4 19. Rxe4 fxg2 20. Kxg2 Qf3+ 21. Kg1 Bh3 0-1

[Event "Late-Titled-Tuesday-Blitz-June-25-2024"]
[Site "Chess.com"]
[Date "2024.06.25"]
[Round "11"]
[White "GelmanAlexander"]
[Black "Patricius007"]
[Result "1-0"]
[WhiteElo "2710"]
[BlackElo "2573"]
[TimeControl "180+1"]
[EndTime "16:02:08 PDT"]
[Termination "GelmanAlexander won by checkmate"]

1. c4 e6 2. d3 d5 3. Nd2 Nf6 4. Ngf3 Be7 5. e3 O-O 6. b3 b6 7. Bb2 Bb7 8. a3 Nbd7 9. Rg1 dxc4 10. bxc4 c5 11. g4 Qc7 12. g5 Ne8 13. h4 Nd6 14. h5 Nf5 15. Qc2 Rfd8 16. Bh3 Nf8 17. Qc3 e5 18. Bxf5 f6 19. gxf6 Bxf6 20. Ne4 Kh8 21. h6 Qf7 22. Nxe5 Bxe5 23. Qxe5 Ng6 24. Bxg6 hxg6 25. hxg7+ Kg8 26. Rh1 Rxd3 27. Rh8# 1-0

[Event "Late-Titled-Tuesday-Blitz-June-25-2024"]
[Site "Chess.com"]
[Date "2024.06.25"]
[Round "11"]
[White "Viktor_Poddubnyi"]
[Black "Defenstrator"]
[Result "0-1"]
[WhiteElo "2328"]
[BlackElo "2419"]
[TimeControl "180+1"]
[EndTime "16:02:32 PDT"]
[Termination "Defenstrator won by resignation"]

1. e4 e5 2. f4 exf4 3. Nf3 g5 4. h4 g4 5. Ne5 h5 6. Bc4 Nh6 7. d4 d6 8. Nd3 f3 9. gxf3 Be7 10. Be3 Bxh4+ 11. Kd2 Nc6 12. Nc3 Na5 13. Bb5+ c6 14. Ba4 Nc4+ 15. Ke2 gxf3+ 0-1

[Event "Late-Titled-Tuesday-Blitz-June-25-2024"]
[Site "Chess.com"]
[Date "2024.06.25"]
[Round "11"]
[White "kiwibobo"]
[Black "VaglioSagan"]
[Result "0-1"]
[WhiteElo "2336"]
[BlackElo "2512"]
[TimeControl "180+1"]
[EndTime "16:03:00 PDT"]
[Termination "VaglioSagan won by checkmate"]

1. e4 c6 2. d4 d5 3. Nc3 dxe4 4. Nxe4 Nf6 5. Nxf6+ exf6 6. Bd3 Bd6 7. Qh5 h6 8. Bd2 Qe7+ 9. Ne2 Nd7 10. O-O-O O-O 11.
Ng3 Qe6 12. Bxh6 Qxa2 13. Bxg7 Bf4+ 14. Rd2 Qa1# 0-1

[Event "Late-Titled-Tuesday-Blitz-June-25-2024"]
[Site "Chess.com"]
[Date "2024.06.25"]
[Round "11"]
[White "mouseslips_are_the_best"]
[Black "JEHUBNER"]
[Result "1-0"]
[WhiteElo "2356"]
[BlackElo "2013"]
[TimeControl "180+1"]
[EndTime "16:03:04 PDT"]
[Termination "mouseslips_are_the_best won by resignation"]

1. e4 c5 2. Nf3 d6 3. d4 cxd4 4.
Nxd4 e6 5. Nc3 Nf6 6. g4 h6 7. h4 Nc6 8. Rg1 e5 9. Nf5 Bxf5 10. exf5 Nd4 11. Be3 Nc6 12. g5 hxg5 13. hxg5 Nd7 14. Bc4 Nb6 15. Bb3 Qd7 16. Bxb6 axb6 17. Nd5 Rd8 18. g6 Nd4 19. gxf7+ Kxf7 20. Nxb6+ Ke8 21. Nxd7 Rxd7 22. c3 Nxb3 23. Qxb3 Be7 24. O-O-O Bf6 25. Qe6+ Kd8 1-0

[Event "Late-Titled-Tuesday-Blitz-June-25-2024"]
[Site "Chess.com"]
[Date "2024.06.25"]
[Round "11"]
[White "chesspingvin1995"]
[Black "Cheer_Down"]
[Result "0-1"]
[WhiteElo "2267"]
[BlackElo "2479"]
[TimeControl "180+1"]
[EndTime "16:03:06 PDT"]
[Termination "Cheer_Down won by resignation"]

1. Nf3 d5 2. g3 Nc6 3. d4 Bf5 4. Bg2 e6 5. O-O Nb4 6. c3 Nc2 7.
g4 Bg6 8. Ne5 Nxa1 9. Nxg6 hxg6 10. b3 Qh4 11. h3 Nf6 12. e3 Ne4 13. Bb2 Ng5 14. Re1 Nxh3+ 15. Bxh3 Qxh3 0-1

[Event "Late-Titled-Tuesday-Blitz-June-25-2024"]
[Site "Chess.com"]
[Date "2024.06.25"]
[Round "11"]
[White "Arysya"]
[Black "DryCounty"]
[Result "1-0"]
[WhiteElo "2852"]
[BlackElo "2644"]
[TimeControl "180+1"]
[EndTime "16:03:25 PDT"]
[Termination "Arysya won by resignation"]

1. e4 c5 2. Nf3 d6 3. Nc3 Nc6 4. g3 g6 5. d4 cxd4 6. Nxd4 Bg7 7. Be3 Nf6 8. h3 O-O 9. Bg2 Bd7 10. O-O a6 11. Qd2 Rc8 12. Rac1 Ne5 13. b3 Qc7 14. Nd5 Nxd5 15. exd5 Qc3 16. Rfd1 Qxd2 17. Rxd2 Be8 18. c4 b5 19. f4 b4 20. fxe5 Bxe5 21. Bh6 Bd7 22.
Bxf8 Kxf8 23. Kf2 a5 24. Nc6 Bc3 25. Rxc3 bxc3 26. Rc2 a4 27. b4 e6 28. Rxc3 exd5 29. cxd5 1-0

[Event "Late-Titled-Tuesday-Blitz-June-25-2024"]
[Site "Chess.com"]
[Date "2024.06.25"]
[Round "11"]
[White "ReinisUz"]
[Black "DucksParadise"]
[Result "0-1"]
[WhiteElo "2471"]
[BlackElo "2597"]
[TimeControl "180+1"]
[EndTime "16:03:27 PDT"]
[Termination "DucksParadise won by resignation"]

1. c4 g6 2. Nc3 c5 3. g3 Bg7 4. Bg2 Nc6 5. e4 d6 6. Nge2 Nf6 7. O-O Nd7 8. Rb1 Nf8 9. a3 a5 10. d3 Ne6 11. h3 O-O 12. f4 Ned4 13. Kh2 e6 14.
Nxd4 Nxd4 15. b4 axb4 16. axb4 Nc6 17. b5 Bxc3 18. bxc6 bxc6 19. f5 exf5 20. exf5 Be5 21. fxg6 fxg6 22. Rxf8+ Qxf8 23. Qe2 Bd7 24. Bb2 Ra2 25. Rf1 Qe7 26. Rb1 Bxg3+ 0-1

[Event "Late-Titled-Tuesday-Blitz-June-25-2024"]
[Site "Chess.com"]
[Date "2024.06.25"]
[Round "11"]
[White "Stanbad1"]
[Black "KebabJangles"]
[Result "0-1"]
[WhiteElo "2684"]
[BlackElo "2285"]
[TimeControl "180+1"]
[EndTime "16:03:37 PDT"]
[Termination "KebabJangles won by checkmate"]

1. d4 Nf6 2. Nc3 d5 3. Bf4 a6 4.
e3 g6 5. h4 h5 6. Nf3 Bg7 7.
Ne5 Ng4 8. Qd2 Nxe5 9. dxe5 Be6 10. O-O-O c6 11. e4 Nd7 12. exd5 cxd5 13. Nxd5 Nxe5 14.
Qe3 Ng4 15. Qf3 Bxd5 16. Rxd5 Qb6 17. c3 O-O 18. Bg3 Rad8 19. Rxd8 Rxd8 20. Bc4 e6 21. Rd1 Rxd1+ 22. Qxd1 Nxf2 23. Qf3 Ng4 24. Bd3 Ne5 25. Bxe5 Bxe5 26. Be4 Qg1+ 27. Kc2 b6 28. Bd3 a5 29. Qe4 Bf6 30. Bc4 Kg7 31. Qb7 Qe3 32. Kb3 Bxh4 33. a4 Bf6 34. Bb5 Qg1 35. Be8 Qd1+ 36. Ka3 Qd6+ 37. b4 axb4+ 38. cxb4 Be7 39. Qe4 Qg3+ 40. Ka2 Bf6 41. Qb7 Qf2+ 42. Kb3 Qe3+ 43.
Kc4 Qe2+ 44. Kb3 Qd3+ 45. Ka2 Qc2+ 46. Ka3 Qb2# 0-1

[Event "Late-Titled-Tuesday-Blitz-June-25-2024"]
[Site "Chess.com"]
[Date "2024.06.25"]
[Round "11"]
[White "schondeln"]
[Black "corvachesky"]
[Result "0-1"]
[WhiteElo "2375"]
[BlackElo "2473"]
[TimeControl "180+1"]
[EndTime "16:03:46 PDT"]
[Termination "corvachesky won by resignation"]

1. e4 e5 2. Nf3 Nc6 3. Nc3 Nf6 4. d4 exd4 5. Nxd4 d6 6. Bb5 Bd7 7. Bxc6 bxc6 8. O-O Be7 9. Qf3 O-O 10. e5 Ng4 11.
exd6 Bxd6 12. Bf4 Rb8 13. h3 Ne5 14. Bxe5 Bxe5 15. Nxc6 Bxc6 16. Qxc6 Rxb2 17. Rad1 Qf6 18. Qxf6 Bxf6 19. Nd5 Rxc2 20. Nxf6+ gxf6 21. Rd7 Re8 22. Rb1 Ree2 23. Rb8+ Kg7 24. Rc8 Rxf2 25. Rcxc7 Rxg2+ 26. Kf1 Rxc7 27. Rxc7 Rxa2 28. Rc4 a5 29. Rd4 a4 30. Rd3 a3 31. Rd2 Rxd2 0-1

[Event "Late-Titled-Tuesday-Blitz-June-25-2024"]
[Site "Chess.com"]
[Date "2024.06.25"]
[Round "11"]
[White "Boundless_Strike"]
[Black "Sic_Transit_GM"]
[Result "1-0"]
[WhiteElo "2725"]
[BlackElo "2554"]
[TimeControl "180+1"]
[EndTime "16:03:49 PDT"]
[Termination "Boundless_Strike won by checkmate"]

1. d4 d5 2. Nc3 Nf6 3. e4 Nxe4 4. Nxe4 dxe4 5. Be3 e6 6. f3 exf3 7. Nxf3 Nd7 8. Bd3 Nf6 9. O-O b6 10. Qe1 Bb7 11.
Ne5 Bd6 12. Bb5+ Kf8 13. Qg3 a6 14. Bd3 h5 15. Bg5 Be7 16. Rf4 Qd5 17. Raf1 h4 18.
Qf2 h3 19. Be4 Nxe4 20. Rxf7+ Ke8 21. Rxe7+ Kd8 22. Qf8+ Rxf8 23. Rxf8# 1-0

[Event "Late-Titled-Tuesday-Blitz-June-25-2024"]
[Site "Chess.com"]
[Date "2024.06.25"]
[Round "11"]
[White "betta2004"]
[Black "Yurovskykh_Oleksandr"]
[Result "1-0"]
[WhiteElo "2515"]
[BlackElo "2607"]
[TimeControl "180+1"]
[EndTime "16:03:49 PDT"]
[Termination "betta2004 won on time"]

1. Nf3 d5 2. b3 Bg4 3. e3 e6 4. Bb2 Nf6 5. h3 Bh5 6. g4 Bg6 7. Ne5 Nbd7 8. Nxg6 hxg6 9. Bg2 Bd6 10. d4 c6 11. Nd2 e5 12. Nf3 Qe7 13. dxe5 Nxe5 14. Nxe5 Bxe5 15. Bxe5 Qxe5 16. Qd4 Qxd4 17. exd4 g5 18.
Kd2 Kd7 19. Rae1 1-0

[Event "Late-Titled-Tuesday-Blitz-June-25-2024"]
[Site "Chess.com"]
[Date "2024.06.25"]
[Round "11"]
[White "Viktoker"]
[Black "jk13"]
[Result "0-1"]
[WhiteElo "2530"]
[BlackElo "2709"]
[TimeControl "180+1"]
[EndTime "16:04:05 PDT"]
[Termination "jk13 won by resignation"]

1. d4 Nf6 2. Nf3 e6 3. Bf4 d5 4.
e3 Bd6 5. Nbd2 O-O 6. Bd3 b6 7. Qe2 a5 8. O-O Ba6 9. c4 c5 10. Bxd6 Qxd6 11. Ne5 cxd4 12. exd4 Nbd7 13. Rfd1 Bb7 14.
Ndf3 dxc4 15. Nxc4 Qf4 16. Nfe5 Rad8 17. Rac1 Ba8 18. h3 a4 19. Rc3 b5 20. Nxd7 Rxd7 21. Nb6 Rxd4 22. Nxa8 Rxa8 23. Rdc1 b4 24. Rc8+ Rd8 25.
Rxa8 Qxc1+ 26. Kh2 Rxa8 27. Qf3 Qc7+ 28. g3 Rd8 0-1

[Event "Late-Titled-Tuesday-Blitz-June-25-2024"]
[Site "Chess.com"]
[Date "2024.06.25"]
[Round "11"]
[White "PoAslan"]
[Black "Niktlt"]
[Result "1-0"]
[WhiteElo "2471"]
[BlackElo "2577"]
[TimeControl "180+1"]
[EndTime "16:04:20 PDT"]
[Termination "PoAslan won by resignation"]

1. e4 c5 2. Nf3 d6 3. d4 cxd4 4. Nxd4 Nf6 5. Nc3 a6 6. Bg5 Nbd7 7. f4 Qc7 8. Qf3 h6 9. Bh4 g5 10. fxg5 hxg5 11. Bxg5 Qc5 12. Be3 Ne5 13. Qe2 Neg4 14.
Bg1 Bh6 15. g3 Bd7 16. a3 O-O-O 17. Nf5 Qe5 18. Bd4 Qe6 19. Bh3 Ne5 20. O-O Rde8 21. Rad1 Qc4 22. Qxc4+ Nxc4 23. Nxe7+ Rxe7 24. Bxd7+ Rxd7 25. Bxf6 Be3+ 26. Kg2 Rg8 27. Nd5 Ba7 28. Bd4 Bxd4 29.
Rxd4 Ne5 30. Nf6 Ng4 31. Nxg8 Ne3+ 32. Kf2 Nxf1 33. Kxf1 1-0